 Dungeon Crawl Stone Soup version 0.20.0-8-g6b59dc7 (webtiles) character file.

93 mike2R the Digger (level 4, -4/24 HPs)
             Began as a Deep Elf Earth Elementalist on May 30, 2017.
             Blown up by Ijyb (7 damage)
             ... with a wand of disintegration (?/24)
             ... on level 3 of the Dungeon.
             The game lasted 00:12:09 (1949 turns).

mike2R the Digger (Deep Elf Earth Elementalist)     Turns: 1949, Time: 00:12:10

Health: -4/24      AC:  2    Str:  5    XL:     4   Next: 36%
Magic:  7/10       EV: 13    Int: 21    God:
Gold:   130        SH:  0    Dex: 15    Spells: 3/9 levels left

rFire    . . .     SeeInvis .   a - +1 long sword (flame)
rCold    . . .     Gourm    .   (no shield)
rNeg     . . .     Faith    .   c - +0 robe
rPois    .         Spirit   .   (no helmet)
rElec    .         Reflect  .   (no cloak)
rCorr    .         Harm     .   (no gloves)
MR       .....                  (no boots)
Stlth    ++........             (no amulet)
Regen    0.1/turn               (no ring)
MPRegen  0.2/turn               (no ring)

@: no status effects
A: no striking features
a: no special abilities


You were on level 3 of the Dungeon.
You were not hungry.

You visited 1 branch of the dungeon, and saw 3 of its levels.

You collected 130 gold pieces.

Inventory:

Hand Weapons
 a - a +1 long sword of flaming (weapon)
 b - a +0 dagger
Missiles
 g - 102 stones (quivered)
Armour
 c - a +0 robe (worn)
Jewellery
 h - an uncursed amulet of harm {unknown}
Scrolls
 f - a scroll of magic mapping {unknown}
 i - a scroll of noise {unknown}
 j - a scroll of identify
 n - a scroll of remove curse {unknown}
 r - 2 scrolls of teleportation {unknown}
 s - a scroll of recharging {unknown}
 t - a scroll of fog {unknown}
Potions
 k - a potion of cancellation
 m - a potion of curing {unknown}
 o - a potion of degeneration {unknown}
Books
 e - a book of Geomancy

   Spells                             Type                      Level
   a - Sandblast                      Earth                        1
   b - Passwall                       Transmutation/Earth          2
   c - Stone Arrow                    Conjuration/Earth            3
   d - Petrify                        Transmutation/Earth          4
   e - Lee's Rapid Deconstruction     Earth                        5
Comestibles
 d - 3 bread rations
 p - a meat ration
 q - a royal jelly


   Skills:
 - Level 2.4 Dodging
 - Level 2.5 Stealth
 - Level 3.0 Spellcasting
 - Level 1.1 Transmutations
 + Level 5.7 Earth Magic


You had 3 spell levels left.
You knew the following spells:

 Your Spells              Type           Power        Failure   Level  Hunger
a - Sandblast             Erth           ####..       1%          1    None
b - Passwall              Tmut/Erth      ###.......   4%          2    ##.....
c - Stone Arrow           Conj/Erth      ###...       12%         3    ###....


Dungeon Overview and Level Annotations

Branches:
Dungeon (3/15)

Altars:
Elyvilon

Annotations:
D:3 Ijyb


Message History

Confirm with . or Enter, or press ? or * to list all spells.
Aiming: Stone Arrow
Press: ? - help, Shift-Dir - straight line, f - Ijyb
Aim: Ijyb, wearing a scale mail and carrying a wand of disintegration (?/24) {zapped: 1} The stone arrow hits Ijyb.
Ijyb is moderately wounded.
Ijyb zaps a wand.
You are blasted!
Ouch! That really hurt!
* * * LOW HITPOINT WARNING * * *
Casting: Stone Arrow
Confirm with . or Enter, or press ? or * to list all spells.
Which direction?
Ijyb zaps a wand.
You barely resist.
You begin to meditate on the wall.
You continue meditating on the rock. x3
You finish merging with the rock.
Okay, then.
Ijyb zaps a wand.
You are blasted!
* * * LOW HITPOINT WARNING * * *
Ijyb zaps a wand.
You are blasted!
You die...

##### ############
#...###....@..##.##
#.#........##.#.#.##
#...###.##.....###.#
##.## #.###.#.#.#..# #>#
#.###.#.##g..# #.#
#............# ## #.#
#####.#..##..# #.
###.########........###
#.
##...##.......#........#
#.


You could see Ijyb.

Vanquished Creatures
  4 adders
  An ooze (D:2)
  2 worms (D:2)
  2 dart slugs (D:1)
  2 leopard geckos (D:1)
  2 giant cockroaches
  4 goblins
  4 hobgoblins
  2 jackals (D:3)
  5 kobolds
  A quokka (D:2)
  A ball python (D:2)
  5 bats
  3 frilled lizards
  6 rats
44 creatures vanquished.

Notes
Turn   | Place    | Note
-------+----------+-------------------------------------------
     0 | D:1      | mike2R the Deep Elf Earth Elementalist began the quest for the Orb.
     0 | D:1      | Reached XP level 1. HP: 10/10 MP: 6/6
   156 | D:1      | Reached XP level 2. HP: 15/15 MP: 6/8
   179 | D:1      | Reached skill level 4 in Earth Magic
   399 | D:1      | Learned a level 2 spell: Passwall
   895 | D:2      | Reached XP level 3. HP: 18/19 MP: 7/9
   983 | D:2      | Learned a level 3 spell: Stone Arrow
  1029 | D:2      | Reached skill level 5 in Earth Magic
  1488 | D:2      | Reached XP level 4. HP: 22/24 MP: 8/10
  1647 | D:3      | Found a white marble altar of Elyvilon.
  1904 | D:3      | Noticed Ijyb
  1949 | D:3      | Blown up by Ijyb

Skill      XL: |  1  2  3 |
---------------+----------+-----
Earth Magic    | 4 5 |  5.7
Dodging        | |  2.4
Stealth        | |  2.5
Spellcasting   | |  3.0
Transmutations | |  1.1

Action                   |  1- 3 |  4- 6 || total
-------------------------+-------+-------++-------
Melee: Short sword       |     7 |       ||     7
       Long sword        |    13 |    11 ||    24
       Dagger            |     2 |     5 ||     7
 Cast: Sandblast         |    31 |     8 ||    39
       Passwall          |     3 |     1 ||     4
       Stone Arrow       |       |     1 ||     1
  Use: Scroll            |       |     1 ||     1
 Stab: Sleeping          |     5 |     1 ||     6
  Eat: Chunk             |     2 |     1 ||     3
Armor: Robe              |     5 |     3 ||     8
Dodge: Dodged            |    19 |    14 ||    33
       Rpst.: Long sword |     5 |     4 ||     9
